Unix NetHack Version 5.0.0-0 post-release - last build Jun 10 2026 00:39:30 (3ee93aec679c4c4259841fe613dc97188e26a321,branch:main).

Game began 2026-06-13 03:27:51, ended 2026-06-13 04:53:14.

Brudee, chaotic female human Rogue

      ------                                                        ----------
      |(...-##                                                      |........|
      |.l..| ###                                                    |........|
      |--..|   #               -----------                          |........|
      |....|   #               |..(......-############              +.<.....(|
      ----|-   #               |.........|           #    +   #     -.--------
          #    ## ------- #####...........         0############     #
          #     # |.....|##    |.........|                #   #0#    #
          #     # |.....-#     -----------                    ##     #
          #     ##.....)|                                     ###    ##
          #       -------                                       #     ##
          #                                                     #  ----.----
          #                                                     #  |.......|
    ------|--                                                   ###|.......|
    |.....@B|                                                     #........|
    |........                                                      |.......|
    |.>.....|                                                      |.......|
    ---------                                                      ---------

Brudee the Cutpurse     St:13 Dx:18 Co:14 In:11 Wi:10 Ch:9  Chaotic S:605
Dlvl:5  $:111 HP:0(21) Pw:6(6) AC:7  Xp:3/71 T:1432 

Latest messages:
 You throw 2 daggers.
 The 1st dagger hits the leprechaun.
 The leprechaun wakes up!
 The leprechaun screams!
 The 2nd dagger hits the leprechaun.
 The leprechaun drinks a murky potion!
 The leprechaun rises up, through the ceiling!
 Call a murky potion: GAIN LEVEL!!!
 C - 2 +0 daggers (at the ready) (6 in total).
 You see here a chest.
 Hmmm, the chest turns out to be locked.
 Unlock it with your lock pick? [ynq] (q) y
 You succeed in picking the lock.
 E - a food ration (3 in total).
 m - a milky potion (2 in total).
 You see here 2 slime molds.
 I - 2 slime molds.
 You see here 10 crossbow bolts.
 $ - 5 gold pieces (108 in total).
 That door is closed.
 The door opens.
 $ - 3 gold pieces (111 in total).
 You see here 6 bamboo arrows.
 You see here a statue of a leprechaun.
 You see here a large box.
 Hmmm, the large box turns out to be locked.
 Unlock it with your lock pick? [ynq] (q) y
 You succeed in picking the lock.
 J - a dark brown spellbook.
 K - a black gem.
 You see here a statue of a leprechaun.
 You see here 6 bamboo arrows.
 L - 6 bamboo arrows.
 The door opens.
 That door is closed.
 That door is closed.
 The door opens.
 The giant bat bites!
 The giant bat bites!
 The giant bat bites!
 In what direction? l
 You throw 2 daggers.
 The 1st dagger hits the giant bat.
 The 2nd dagger hits the giant bat.
 The giant bat bites!
 The giant bat bites!
 You die...
 Do you want your possessions identified? [ynq] (y) y
 Do you want to see your attributes? [ynq] (y) y
 Do you want an account of creatures vanquished? [ynaq] (y) q

Inventory:
 Coins    ('$')
  $ - 111 gold pieces
 Weapons  (')')
  L - 6 +0 ya
  b - a +0 dagger (alternate weapon; not wielded)
  C - 4 +0 daggers (at the ready)
  a - a +0 short sword (weapon in right hand)
 Armor    ('[')
  x - a cursed +0 orcish helm
  c - an uncursed +1 leather armor (being worn)
 Comestibles  ('%')
  I - 2 uncursed slime molds
  E - 3 uncursed food rations
  F - an uncursed fortune cookie
  p - an uncursed tripe ration
 Scrolls  ('?')
  v - a cursed scroll of enchant armor
  j - an uncursed scroll of scare monster
  t - an uncursed scroll of teleportation
 Spellbooks  ('+')
  J - an uncursed spellbook of jumping
 Potions  ('!')
  s - a blessed potion of extra healing
  B - a cursed potion of fruit juice
  r - an uncursed potion of gain energy
  m - 2 uncursed potions of invisibility
  z - an uncursed potion of restore ability
  y - an uncursed potion of see invisible
  d - an uncursed potion of sickness
  k - an uncursed potion of speed
  l - 2 uncursed potions of water
 Rings    ('=')
  G - a cursed ring of polymorph
  h - a blessed +1 ring of protection
 Wands    ('/')
  i - a wand of digging (0:7)
  n - a wand of light (0:15)
  w - a wand of speed monster (0:5)
  H - a wand of teleportation (0:5)
 Tools    ('(')
  f - an empty uncursed sack
  u - an uncursed blindfold
  e - an uncursed lock pick
 Gems/Stones  ('*')
  A - an uncursed topaz stone
  K - an uncursed worthless piece of black glass
  q - 2 uncursed worthless pieces of orange glass
  o - an uncursed worthless piece of white glass

Brudee the Rogue's attributes:

Background:
 You were a Cutpurse, a level 3 female human Rogue.
 You were chaotic, nominally on a mission for Kos
 who was opposed by Issek (lawful) and Mog (neutral).
 You were right-handed.
 You were in the Dungeons of Doom, on level 5.
 You entered the dungeon 1432 turns ago.
 It was nighttime.
 You had 71 experience points, 9 more were needed to attain level 4.
 Your score was 605 before end-of-game adjustments.

Basics:
 You had 0 out of 21 hit points.
 You had all 6 energy points (spell power).
 Your armor class was 7.
 Your wallet contained 111 zorkmids.
 Autopickup was on for '$!=+?/"' plus thrown.

Final Characteristics:
 Your strength was 13 (limit:18/100).
 Your dexterity was 18 (limit:18).
 Your constitution was 14 (limit:18).
 Your intelligence was 11 (limit:18).
 Your wisdom was 10 (limit:18).
 Your charisma was 9 (limit:18).

Final Status:
 You weren't hungry.
 You were unencumbered.
 You were wielding a short sword.
 You had basic skill with short sword.

Final Attributes:
 You were devoutly aligned.
 You were telepathic.
 You were stealthy.
 You were warded.
 You are dead.

Miscellaneous:
 You didn't encounter any bones levels.
 Total elapsed playing time was 48 minutes and 50 seconds.

Major events:
 Turn
    1: Brudee the chaotic female human Rogue entered the dungeon
  351: entered the Gnomish Mines
  628: attained the rank of Cutpurse (level 3)
 1432: killed by a giant bat

Spells:
 Name                 Level Category     Fail Retention
 slow monster           2   enchantment  100%  76%-100%

Skills:
 Fighting Skills
   bare handed combat [Unskilled]
   two weapon combat  [Unskilled]
   riding             [Unskilled]
 Weapon Skills
   dagger             [Basic]
   knife              [Unskilled]
   short sword        [Basic]
   broadsword         [Unskilled]
   long sword         [Unskilled]
   two-handed sword   [Unskilled]
   saber              [Unskilled]
   club               [Unskilled]
   mace               [Unskilled]
   morning star       [Unskilled]
   flail              [Unskilled]
   hammer             [Unskilled]
   polearms           [Unskilled]
   spear              [Unskilled]
   crossbow           [Unskilled]
   dart               [Unskilled]
   shuriken           [Unskilled]
 Spellcasting Skills
   divination spells  [Unskilled]
   escape spells      [Unskilled]
   matter spells      [Unskilled]

Voluntary challenges:
 Character rerolling was not enabled.
 You were an atheist.
 You never genocided any monsters.
 You never polymorphed an object.
 You never changed form.
 You used no wishes.
Achievements:
 You entered the Gnomish Mines.
 You attained the rank of Cutpurse.
 You entered a shop.

 The Dungeons of Doom: levels 1 to 5
    Level 1:
       A fountain.
    Level 2:
    Level 3:
       A fountain.
       Stairs down to The Gnomish Mines.
    Level 4:
       A general store, a fountain.
    Level 5: <- You were here.
       Final resting place for
          you, killed by a giant bat.
 The Gnomish Mines: levels 4 to 5
    Level 4:
    Level 5:


Vanquished creatures:
  a shrieker
  a floating eye
  a dwarf
  a cave spider
  a green mold
  2 gnomes
  3 geckos
  2 jackals
  3 goblins
  3 grid bugs
  a lichen
  4 newts
23 creatures vanquished.

No species were genocided or became extinct.

Game over:
                       ----------
                      /          \
                     /    REST    \
                    /      IN      \
                   /     PEACE      \
                  /                  \
                  |      Brudee      |
                  |      111 Au      |
                  |   killed by a    |
                  |    giant bat     |
                  |                  |
                  |                  |
                  |       2026       |
                 *|     *  *  *      | *
        _________)/\\_//(\/(/\)/\//\/|_)_______

Goodbye Brudee the Rogue...

You died in The Dungeons of Doom on dungeon level 5 with 594 points,
and 111 pieces of gold, after 1432 moves.
You were level 3 with a maximum of 21 hit points when you died.

